 Dungeon Crawl Stone Soup version 0.25-a0-388-g41a7e554cb (webtiles) character file.

Game seed: 17326308597261100427, levelgen mode: deterministic

46 Borgoz the Cudgeler (level 3, -1/24 HPs)
             Began as a Gargoyle Berserker on Jan 7, 2020.
             Was a Believer of Trog.
             Slain by a worm (3 damage)
             ... on level 3 of the Dungeon.
             The game lasted 00:01:54 (1978 turns).

Borgoz the Cudgeler (Gargoyle Berserker)            Turns: 1978, Time: 00:01:54

Health: -1/24      AC: 11    Str: 21    XL:     3   Next: 68%
Magic:  3/3        EV: 11    Int:  7    God:    Trog [**....]
Gold:   117        SH:  0    Dex:  9    Spells: 2/2 levels left

rFire    . . .     SeeInvis .   a - +0 mace
rCold    . . .     Gourm    .   (no shield)
rNeg     + + .     Faith    .   k - +1 ring mail {MR+}
rPois    ∞         Spirit   .   (no helmet)
rElec    +         Reflect  .   (no cloak)
rCorr    .         Harm     .   (no gloves)
MR       +....                  b - +1 pair of boots {Stlth+}
Stlth    +.........             (no amulet)
HPRegen  0.08/turn              i - ring of positive energy
MPRegen  0.08/turn              (no ring)

@: starving
A: negative energy resistance 1, electricity resistance, unbreathing,
petrification resistance, rot immunity, AC +3
a: Berserk, Trog's Hand, Renounce Religion


You were on level 3 of the Dungeon.
You worshipped Trog.
Trog was pleased with you.
You were starving.

You visited 1 branch of the dungeon, and saw 3 of its levels.

You collected 117 gold pieces.

Inventory:

Hand Weapons
 a - a +0 mace (weapon)
Armour
 b - a +1 pair of boots of stealth (worn)
 k - a +1 ring mail of magic resistance (worn)
Jewellery
 i - a ring of positive energy (left hand)
Scrolls
 d - 2 scrolls of teleportation {unknown}
 e - 4 scrolls of remove curse {unknown}
 j - a scroll of identify {unknown}
Potions
 f - a potion of resistance {unknown}
 h - 2 potions of heal wounds {unknown}
 l - a potion of agility {unknown}
Comestibles
 c - 4 rations


   Skills:
 + Level 3.6 Fighting
 * Level 3.7 Maces & Flails
 + Level 2.7 Armour
 + Level 2.0 Dodging


You had 2 spell levels left.
You didn't know any spells.
Your spell library was empty.

Dungeon Overview and Level Annotations

Branches:
Dungeon (3/15)

Altars:
Hepliaklqana


Innate Abilities, Weirdness & Mutations

You are resistant to torment.
Your stone body is resilient. (AC +3)
You are immune to poison.
You resist negative energy. (rN+)
You are resistant to electric shocks. (rElec)
You can survive without breathing.
You are immune to petrification.
You are immune to rotting.


Message History

The worm is severely wounded.
The worm closely misses you.
You hit the worm.
The worm is severely wounded.
You hit the worm.
The worm is almost dead.
The worm misses you.
You barely miss the worm.
The worm is almost dead.
The worm bites you but does no damage.
You hit the worm but do no damage.
The worm is severely wounded.
The worm bites you.
* * * LOW HITPOINT WARNING * * *
Your ring mail prevents you from hitting the worm.
The worm is severely wounded.
You hit the worm.
The worm is severely wounded.
The worm bites you.
You die...

#..#.....
#..#.#..
###......#
........
###.....####.#
#............#
#.#.....#######
.........>...<.#
########.@######
#.w# #..# #.##
#.# #.# #.# #.


You could see a worm.

Vanquished Creatures
  2 oozes (D:2)
  A dart slug (D:1)
  A leopard gecko (D:1)
  An orc (D:3)
  A ball python (D:2)
  4 giant cockroaches
  4 goblins
  4 hobgoblins
  A quokka (D:2)
  4 bats
  5 kobolds (D:1)
  5 rats
33 creatures vanquished.

Notes
Turn   | Place    | Note
-------+----------+-------------------------------------------
     0 | D:1      | Borgoz the Gargoyle Berserker began the quest for the Orb.
     0 | D:1      | Reached XP level 1. HP: 14/14 MP: 1/1
   185 | D:1      | Reached XP level 2. HP: 10/19 MP: 2/2
   992 | D:2      | Reached ** piety under Trog
   992 | D:2      | Reached XP level 3. HP: 23/23 MP: 3/3
  1335 | D:2      | Found a hazy altar of Hepliaklqana.
  1978 | D:3      | Slain by a worm

Levels and vault maps discovered:
D:1:      saegor_arrival_simple_a, layout_basic
D:2:      layout_basic, nicolae_overflow_hidden_temple, first_ration
D:3:      layout_loops_ring, portal_sewer_entry_a, minivault_5,
          uniq_crazy_yiuf_cottage

Skill      XL: |  1  2  3 |
---------------+----------+-----
Dodging        | 2 |  2.0
Fighting       | |  3.6
Maces & Flails | |  3.7
Armour         | |  2.7

Action                   || total
-------------------------++-------
Melee: Mace              ||   126
  Eat: Chunk             ||     1
Armor: Animal skin       ||    10
       Scale mail        ||    55
       Ring mail         ||     5
Dodge: Dodged            ||    84

Table legend:
 A = Non-vault XP
 B = Vault XP
 C = Vault XP percentage of total XP
 D = Non-vault monster count
 E = Vault monster count
 F = Vault count percentage of total count
                 A         B        C        D         E       F
            +---------+---------+-------+---------+---------+-------
      Total |      67 |       0 |   0.0 |      33 |       0 |   0.0
            +---------+---------+-------+---------+---------+-------
        D:1 |      32 |       0 |   0.0 |      19 |       0 |   0.0
        D:2 |      32 |       0 |   0.0 |      13 |       0 |   0.0
        D:3 |       3 |       0 |   0.0 |       1 |       0 |   0.0
            +---------+---------+-------+---------+---------+-------
